 Dungeon Crawl Stone Soup version 0.26-a0-597-gb535b0901c (webtiles) character file.

Game seed: 5335262579091016891

60 Lanoc the Shield-Bearer (level 4, -2/36 HPs)
             Began as a Formicid Fighter on Sept 7, 2020.
             Was an Initiate of Uskayaw.
             Slain by a worker ant (10 damage)
             ... on level 4 of the Dungeon.
             The game lasted 00:02:57 (2316 turns).

Lanoc the Shield-Bearer (Formicid Fighter)          Turns: 2316, Time: 00:02:57

Health: -2/36      AC:  7    Str: 17 (20) XL:     4   Next: 24%
Magic:  4/4        EV:  8    Int:  6 (8)  God:    Uskayaw [......]
Gold:   117        SH:  9    Dex: 11      Spells: 3/3 levels left

rFire    . . .     SeeInvis +   a - +0 war axe
rCold    . . .     Faith    .   c - +0 kite shield
rNeg     . . .     Spirit   .   b - +0 scale mail
rPois    .         Reflect  .   (helmet unavailable)
rElec    .         Harm     .   (no cloak)
rCorr    .                      (no gloves)
MR       .....                  (no boots)
Stlth    ..........             (no amulet)
HPRegen  0.12/turn              (no ring)
MPRegen  0.09/turn              (no ring)

@: no status effects
A: permanent stasis, dig shafts and tunnels, four strong arms, antennae 3
a: Dig, Shaft Self, Renounce Religion


You were on level 4 of the Dungeon.
You worshipped Uskayaw.
Uskayaw was noncommittal.
You visited 2 branches of the dungeon, and saw 5 of its levels.

You collected 117 gold pieces.

Inventory:

Hand Weapons
 a - a +0 war axe (weapon)
Missiles
 f - 2 datura-tipped darts (quivered)
Armour
 b - a +0 scale mail (worn)
 c - a +0 kite shield (worn)
Wands
 n - a wand of acid (8)
Scrolls
 e - a scroll of random uselessness {unknown}
 g - a scroll of fog {unknown}
 h - 4 scrolls of teleportation {unknown}
 i - a scroll of identify {unknown}
 k - a scroll of remove curse {unknown}
 l - a scroll of magic mapping {unknown}
Potions
 d - a potion of might
 j - a potion of resistance {unknown}
 m - a potion of magic {unknown}


   Skills:
 + Level 3.6 Fighting
 * Level 2.8 Axes
 + Level 3.7 Armour
 + Level 1.0 Dodging
 + Level 4.0 Shields
 * Level 0.7 Invocations


You had 3 spell levels left.
You didn't know any spells.
Your spell library was empty.

Dungeon Overview and Level Annotations

Branches:
Dungeon (4/15)             Temple (1/1) D:4

Altars:
Ashenzari
Fedhas
Gozag
Makhleb
Nemelex Xobeh
Okawaru
Qazlal
Ru
Sif Muna
Trog
Uskayaw
Vehumet
Yredelemnul
The Shining One


Innate Abilities, Weirdness & Mutations

You cannot be hasted, slowed, berserked, paralysed or teleported.
You can dig through walls and to a lower floor.
Your four strong arms can wield two-handed weapons with a shield.
You have a pair of large antennae on your head. (SInv)


Message History

The orc wizard begins to cast a cantrip, but forgets the words!
The worker ant bites the orc.
The orc is poisoned.
The worker ant poisons the orc!
The orc hits the worker ant with a +0 club.
The orc wizard hits the worker ant with a +0 dagger.
The worker ant bites the orc wizard!
The orc dies!
The orc wizard hits the worker ant with a +0 dagger.
The worker ant bites the orc wizard.
You block the orc wizard's attack.
The orc wizard hits the worker ant with a +0 dagger.
The worker ant barely misses the orc wizard.
You slash the orc wizard!
You kill the orc wizard!
You feel your dexterity returning.
Your Dodging skill increases to level 1!
Your Shields skill increases to level 4!
You have reached level 4!
You feel clever. The worker ant bites you!
You die...

#.######.## #.#
#.#≈≈≈≈#.#≈ #.#
#.#≈≈≈≈#.#≈ #.#
#.#≈≈≈≈#.#≈ #.#
#.#≈≈≈##.## #.#
#.#≈≈≈#...# ####.#
#.#≈≈≈#.>.#
####..).########.#≈≈≈#...#
.(.....oa@.......#≈≈≈#####
####.#############≈≈≈≈≈≈≈≈
o #≈≈≈≈≈≈≈≈ #≈≈≈≈≈≈≈≈
#########


You could see an orc wizard (fast, invisible) and a neutral worker ant (fast,
strong, insane).

Vanquished Creatures
  An orc wizard (D:4)
  An ufetubus (D:4)
  A worm (D:3)
  2 leopard geckos
  An orc (D:3)
  2 giant cockroaches
  4 goblins
  4 hobgoblins
  4 bats
  4 frilled lizards
  2 kobolds (D:1)
  A quokka zombie (D:4)
  4 rats
31 creatures vanquished.

Vanquished Creatures (collateral kills)
  2 orcs (D:4)
2 creatures vanquished.

Vanquished Creatures (others)
  7 toadstools (D:1)
7 creatures vanquished.

Grand Total: 40 creatures vanquished

Notes
Turn   | Place    | Note
-------+----------+-------------------------------------------
     0 | D:1      | Lanoc the Formicid Fighter began the quest for the Orb.
     0 | D:1      | Reached XP level 1. HP: 18/18 MP: 1/1
   175 | D:1      | Reached XP level 2. HP: 24/24 MP: 2/2
   404 | D:3      | Reached XP level 3. HP: 29/29 MP: 3/3
  1023 | D:4      | Noticed a phantom
  1074 | D:4      | Noticed an ogre
  2045 | D:4      | Found a staircase to the Ecumenical Temple.
  2054 | Temple   | Entered the Ecumenical Temple
  2253 | Temple   | Became a worshipper of Uskayaw the Reveler
  2316 | D:4      | Reached skill level 1 in Dodging
  2316 | D:4      | Reached skill level 4 in Shields
  2316 | D:4      | Reached XP level 4. HP: 8/36 MP: 4/4
  2316 | D:4      | Slain by a worker ant

Illustrated notes

Levels and vault maps discovered:
D:1:      nagdon_arrival_double_spiral, layout_basic,
          nemelex_diamond_rough_becter
D:2:      layout_loops_ring, kennysheep_generic_room_7, uniq_sigmund
D:3:      layout_loops_ring
D:4:      layout_basic, kennysheep_mini, zin_angel,
          minmay_temple_entry_poolview, minmay_statues_item
Temple:   eino_temple_water

Skill      XL: |  1  2  3 |
---------------+----------+-----
Dodging        | 1 |  1.0
Shields        | 4 |  4.0
Fighting       | |  3.6
Axes           | |  2.8
Armour         | |  3.7
Invocations    | |  0.7

Action                   |  1- 3 |  4- 6 || total
-------------------------+-------+-------++-------
Melee: War axe           |   118 |       ||   118
Throw: Dart              |     3 |       ||     3
  Use: Potion            |     2 |       ||     2
Armor: Scale mail        |    51 |       ||    51
Dodge: Dodged            |    40 |       ||    40
Block: Kite shield       |    67 |       ||    67

Table legend: (Time is in decaauts)
 A = Elapsed time spent in this place.
 B = Non-inter-level travel time spent in this place.
 C = Inter-level travel time spent in this place.
 D = Time resting spent in this place.
 E = Time spent auto-exploring this place.
 F = Levels seen in this place.
 G = Mean time per level.
                   A        B        C        D        E       F      G
               +--------+--------+--------+--------+--------+-----+--------+
         Total |   2370 |   2220 |    150 |    291 |   1529 |   5 |  474.0 |
       Dungeon |   2151 |   2019 |    132 |    291 |   1333 |   4 |  537.8 |
        Temple |    218 |    200 |     18 |      0 |    196 |   1 |  218.0 |
               +--------+--------+--------+--------+--------+-----+--------+

Top non-repeatable levels by time:
     D:3: 1351 daAuts
     D:4: 503 daAuts
     D:1: 278 daAuts
  Temple: 218 daAuts
     D:2: 18 daAuts
